 Dungeon Crawl Stone Soup version 0.31-a0-267-g3fc6992b3b (webtiles) character file.

Game seed: 9649095763400959820

116 qw the Shooter (level 5, -1/30 HPs)
             Began as a Gargoyle Hexslinger on July 14, 2023.
             Killed from afar by Sigmund (6 damage)
             ... with a puff of flame
             ... on level 3 of the Dungeon.
             The game lasted 00:01:02 (2070 turns).

qw the Shooter (Gargoyle Hexslinger)                Turns: 2070, Time: 00:01:03

Health: -1/30      AC: 12    Str: 12    XL:     5   Next: 0%
Magic:  6/6        EV: 10    Int: 13    God:
Gold:   163        SH:  0    Dex: 14    Spells: 5/6 levels left

rFire   . . .        Y - +1 sling
rCold   . . .        (no shield)
rNeg    + . .        l - +0 ring mail
rPois   inf          g - +2 helmet
rElec   +            (no cloak)
rCorr   .            (no gloves)
SInv    .            (no boots)
Will    .....        (no amulet)
Stlth   +            (no ring)
HPRegen 0.25/turn    (no ring)
MPRegen 0.10/turn

%: no passive effects
@: no status effects
A: sickness immunity, AC +4, negative energy resistance 1, electricity
resistance, torment resistance 1, petrification resistance
a: no special abilities


You were on level 3 of the Dungeon.
You visited 1 branch of the dungeon, and saw 3 of its levels.

You collected 163 gold pieces.


Innate Abilities, Weirdness & Mutations

You are immune to sickness and miasma.
Your stone body is resilient. (AC +4)
You are immune to poison.
You resist negative energy. (rN+)
You are resistant to electric shocks. (rElec)
You are resistant to unholy torment.
You are immune to petrification.


   Skills:
 - Level 2.0 Fighting
 + Level 4.2 Ranged Weapons
 - Level 1.9 Armour
 - Level 1.5 Dodging
 - Level 1.0 Spellcasting
 - Level 2.6 Hexes


You had 5 spell levels left.
You knew the following spells:

 Your Spells              Type           Power      Damage    Failure   Level
a - Slow                  Hex            28%        N/A       21%         1

Your spell library contained the following spells:

 Spells                   Type           Power      Damage    Failure   Level
 Inner Flame              Hex/Fire       4%         N/A       71%         3
 Portal Projectile        Hex/Tloc       8%         N/A       71%         3
 Cause Fear               Hex            3%         N/A       90%         4

Inventory:

Hand Weapons
 Y - a +1 sling (weapon)
Armour
 g - a +2 helmet (worn)
 l - a +0 ring mail (worn)
Jewellery
 d - a ring of ice
Scrolls
 a - 4 scrolls of identify
 f - a scroll of teleportation
Potions
 b - a potion of curing {unknown}
 h - a potion of might {unknown}
 i - a potion of mutation {unknown}
 j - a potion of resistance {unknown}
 k - a potion of haste {unknown}

Dungeon Overview and Level Annotations

Branches:
Dungeon (3/15)

Altars:

Annotations:
D:3 Sigmund


Message History

You shoot a sling bullet. Something hits you but does no damage.
You shoot a sling bullet. Something hits you.
You shoot a sling bullet.
You feel less confused. Something hits you but does no damage.
You shoot a sling bullet. Something hits you but does no damage.
You shoot a sling bullet. Something hits you but does no damage.
You shoot a sling bullet. Something hits you but does no damage.
You shoot a sling bullet. Something hits you but does no damage.
You shoot a sling bullet. You shoot a sling bullet. Something hits you.
You shoot a sling bullet.
You hear some strange, mumbled words.
A puff of flame appears from out of thin air!
The puff of flame hits you!
You shoot a sling bullet. Something hits you.
You shoot a sling bullet. Something hits you but does no damage.
You shoot a sling bullet. Something hits you but does no damage.
You shoot a sling bullet. Something hits you.
You shoot a sling bullet.
You hear some strange, mumbled words.
Something tries to affect you, but you resist.
You shoot a sling bullet. Something hits you but does no damage.
You shoot a sling bullet.
You hear some strange, mumbled words.
A puff of flame appears from out of thin air!
The puff of flame hits you.
You die...

#... #######... ###
#......... ..#
...........
#.#...#.........
#<#.#.#######... #.#.#.#
#####...
####.#.#.###...#...
#.@.....>##.###....
#.##.#...##.# #.... ..{
#.#...##.###.... ...#.
#...........####
...#.#..###..##.........
.# #.........##.##.#..##
##................##
##.####.##.#......# ..
#.##.#.......


There were no monsters in sight!

Vanquished Creatures
  Jessica (D:3)
  2 adders
  5 worms
  2 dart slugs (D:2)
  3 orcs (D:3)
  5 ball pythons
  3 endoplasms
  A giant cockroach (D:1)
  8 goblins
  2 hobgoblins (D:1)
  3 quokkas
  2 bats (D:2)
  3 frilled lizards
  5 kobolds
  3 rats
48 creatures vanquished.

Notes
Turn   | Place    | Note
-------+----------+-------------------------------------------
     0 | D:1      | qw the Gargoyle Hexslinger began the quest for the Orb.
     0 | D:1      | Reached XP level 1. HP: 12/12 MP: 2/2
     0 | D:1      | 0 ||| qw: Version: 0.3-a-52-g30416fa
     0 | D:1      | 0 ||| qw: Game counter: 7870
     0 | D:1      | 0 ||| qw: Melee chars always use a shield: true
     0 | D:1      | 0 ||| qw: God list: Okawaru
     0 | D:1      | 0 ||| qw: Allow faded altars: false
     0 | D:1      | 0 ||| qw: Do Orc after clearing Dungeon:15 true
     0 | D:1      | 0 ||| qw: Do second Lair branch before Depths: true
     0 | D:1      | 0 ||| qw: Lair rune preference: random
     0 | D:1      | 0 ||| qw: Goals: Normal
     0 | D:1      | 0 ||| PLANNING D:1-11
   147 | D:1      | Reached XP level 2. HP: 16/16 MP: 3/3
   227 | D:1      | 227 ||| FLEEEEING.
   228 | D:1      | 228 ||| FLEEEEING.
   229 | D:1      | 229 ||| FLEEEEING.
   236 | D:1      | 236 ||| FLEEEEING.
   237 | D:1      | 237 ||| FLEEEEING.
   238 | D:1      | 238 ||| FLEEEEING.
   239 | D:1      | 239 ||| FLEEEEING.
   240 | D:1      | 240 ||| FLEEEEING.
   245 | D:1      | 245 ||| FLEEEEING.
   246 | D:1      | 246 ||| FLEEEEING.
   251 | D:1      | 251 ||| FLEEEEING.
   252 | D:1      | 252 ||| FLEEEEING.
   258 | D:1      | Reached skill level 3 in Ranged Weapons
   496 | D:1      | 496 ||| READING scroll labelled VEIHOY DAENA.
   497 | D:1      | 497 ||| READING scroll labelled TECIUPS MIEWIT.
   501 | D:1      | 501 ||| READING scroll labelled LORIUCZ QATHRUO.
   502 | D:1      | 502 ||| READING scroll labelled SOUNUL GUHONEE.
   503 | D:1      | 503 ||| READING scroll labelled UDENIKI HORRU.
   504 | D:1      | 504 ||| DROPPING scroll of poison.
   591 | D:2      | Reached XP level 3. HP: 7/21 MP: 4/4
  1476 | D:2      | 1476 ||| FLEEEEING.
  1477 | D:2      | 1477 ||| FLEEEEING.
  1478 | D:2      | 1478 ||| FLEEEEING.
  1479 | D:2      | 1479 ||| FLEEEEING.
  1591 | D:2      | 1591 ||| UPGRADING to +2 helmet.
  1596 | D:2      | 1596 ||| UPGRADING to +0 ring mail.
  1606 | D:2      | 1606 ||| DROPPING +0 robe.
  1607 | D:2      | 1607 ||| READING scroll labelled TOZIVYECORPH.
  1608 | D:2      | 1608 ||| READING 2 scrolls of identify.
  1608 | D:2      | 1608 ||| IDENTIFYING bubbling inky potion
  1609 | D:2      | 1609 ||| DROPPING potion of berserk rage.
  1686 | D:3      | Noticed Jessica
  1688 | D:3      | Killed Jessica
  1689 | D:3      | Reached skill level 1 in Armour
  1689 | D:3      | Reached XP level 4. HP: 26/26 MP: 5/5
  1869 | D:3      | Reached skill level 4 in Ranged Weapons
  2019 | D:3      | Reached XP level 5. HP: 30/30 MP: 6/6
  2046 | D:3      | Noticed Sigmund
  2063 | D:3      | HP: 6/30 [something/puff of flame (10)]
  2070 | D:3      | Killed from afar by Sigmund

Levels and vault maps discovered:
D:1:      minmay_arrival_wavy_path, layout_rooms
D:2:      layout_basic, serial_rivers, chequers_serial_rivers_room_b,
          chequers_serial_rivers_micro_d, chequers_serial_rivers_room_b,
          chequers_serial_rivers_micro_a, chequers_serial_rivers_marsh,
          minmay_misc_feat_chi
D:3:      layout_loops_cross, uniq_jessica, uniq_crazy_yiuf_cottage,
          uniq_grinder, uniq_sigmund, uniq_natasha, uniq_robin

Skill      XL: |  1  2  3  4 |
---------------+-------------+-----
Ranged Weapons | 3 4 |  4.2
Fighting       | 2 |  2.0
Armour         | 1 |  1.9
Dodging        | |  1.5
Spellcasting   | |  1.0
Hexes          | |  2.6

Action                     |  1- 3 |  4- 6 || total
---------------------------+-------+-------++-------
   Fire: Sling             |   141 |   114 ||   255
    Use: Scroll            |     7 |       ||     7
 Armour: Robe              |    16 |       ||    16
         Ring mail         |     2 |    43 ||    45
  Dodge: Dodged            |    33 |    39 ||    72

Table legend:
 A = Non-vault XP
 B = Vault XP
 C = Vault XP percentage of total XP
 D = Non-vault monster count
 E = Vault monster count
 F = Vault count percentage of total count
                 A         B        C        D         E       F
            +---------+---------+-------+---------+---------+-------
      Total |     129 |      37 |  22.3 |      47 |       1 |   2.1
            +---------+---------+-------+---------+---------+-------
        D:1 |      28 |       0 |   0.0 |      17 |       0 |   0.0
        D:2 |      47 |       0 |   0.0 |      13 |       0 |   0.0
        D:3 |      54 |      37 |  40.7 |      17 |       1 |   5.6
            +---------+---------+-------+---------+---------+-------
